 Dungeon Crawl Stone Soup version 0.30-a0-782-ge64f9170bb (console) character file.

Game seed: 4450291293223504263

23 utis the Magician (level 3, -2/19 HPs)
             Began as a Tengu Wanderer on Mar 11, 2023.
             Killed from afar by Terence (10 damage)
             ... with a puff of flame
             ... on level 2 of the Dungeon.
             The game lasted 00:05:51 (2111 turns).

utis the Magician (Tengu Wanderer)                  Turns: 2111, Time: 00:05:51

Health: -2/19      AC:  4    Str:  9    XL:     3   Next: 0%
Magic:  6/9        EV: 11    Int: 12    God:
Gold:   77         SH:  0    Dex: 18    Spells: 9/10 levels left

rFire   . . .      SeeInvis .    a - +0 dagger
rCold   . . .      Faith    .    (no shield)
rNeg    . . .      Spirit   .    j - +0 leather armour
rPois   .          Reflect  .    b - +0 hat
rElec   .          Harm     .    q - scarf {repulsion}
rCorr   .          Rampage  .    h - +0 pair of gloves
Will    .....                    (boots unavailable)
Stlth   ++                       (no amulet)
HPRegen 0.23/turn                Z - ring of wizardry
MPRegen 0.11/turn                (no ring)

@: repel missiles
A: beak, talons 3
a: no special abilities


You were on level 2 of the Dungeon.
You visited 1 branch of the dungeon, and saw 2 of its levels.

You collected 77 gold pieces.

Inventory:

Hand Weapons
 a - a +0 dagger (weapon)
 t - a +1 hand axe of venom
Missiles
 i - 7 stones
Armour
 b - a +0 hat (worn)
 d - a +0 robe
 h - a +0 pair of gloves (worn)
 j - a +0 leather armour (worn)
 q - a scarf of repulsion (worn)
Jewellery
 H - an amulet of faith {!P}
 Z - a ring of wizardry (left hand)
Scrolls
 c - 2 scrolls of fear
 e - a scroll of fog
 f - a scroll of teleportation {unknown}
 k - a scroll of silence {unknown}
 l - a scroll of torment {unknown}
 n - a scroll of immolation {unknown}
 o - a scroll of identify {@r1}
 r - a scroll of enchant weapon {unknown}
Potions
 g - a potion of curing {@q1}
 m - a potion of invisibility
 p - 3 potions of attraction {unknown}
 s - a potion of might {unknown}


   Skills:
 - Level 1.1 Armour
 + Level 1.5 Dodging
 - Level 3.0 Stealth
 - Level 4.0 Spellcasting
 + Level 1.7 Conjurations
 + Level 1.3 Fire Magic
 - Level 1.0 Invocations


You had 9 spell levels left.
You knew the following spells:

 Your Spells              Type           Power      Damage    Failure   Level
Y - Foxfire               Conj/Fire      24%        2x1d5     6%          1

Your spell library contained the following spells:

 Spells                   Type           Power      Damage    Failure   Level
 Sublimation of Blood     Necr           2%         N/A       17%         2
 Hailstorm                Conj/Ice       4%         3d4       26%         3
 Call Canine Familiar     Summ           2%         N/A       32%         3
 Fireball                 Conj/Fire      3%         3d4       85%         5
 Starburst                Conj/Fire      3%         6d3       100%        6


Dungeon Overview and Level Annotations

Branches:
Dungeon (2/15)

Altars:

Annotations:
D:2 Terence


Innate Abilities, Weirdness & Mutations

You have a beak for a mouth.
You have claws for feet.


Message History

The goblin shouts!
The foxfire hits the goblin.
You kill the goblin!
You have reached level 3!
Your experience leads to an increase in your attributes!
Increase (S)trength, (I)ntelligence, or (D)exterity?
You feel clever. x2
You start resting.
Magic restored.
Things that are here:
a +0 dagger; a goblin corpse You now have 77 gold pieces (gained 11).
Found a +0 short sword.
You conjure some foxfire!
Terence shouts!
The foxfire hits Terence but does no damage. x2
Terence zaps a wand.
The puff of flame is repelled.
You conjure some foxfire!
Terence shoots a sling bullet.
The sling bullet barely misses you.
The foxfire hits Terence but does no damage. x2
You conjure some foxfire!
Terence unwields a +0 sling of electrocution.
It stops crackling.
Terence hits you but does no damage.
The foxfire hits Terence but does no damage.
The foxfire hits Terence.
Terence is lightly wounded.
Terence says, "Don't bother to defend, it's useless."
Terence wields a +0 sling of electrocution.
You hear the crackle of electricity.
Terence shoots a sling bullet.
The sling bullet hits you but does no damage.
You conjure some foxfire!
Terence zaps a wand.
The puff of flame hits you!
Ouch! That really hurt!
* * * LOW HITPOINT WARNING * * *
Your foxfire dissipates!
The foxfire hits Terence.
Terence is lightly wounded.
Terence zaps a wand.
The puff of flame hits you!
Ouch! That really hurt!
You die...

░░░░░░░░░░ ░░░░░░░
░.........
░░░░░░░.....░░░░░§.)......
......'.........Q..@......
░░░░░░░.....░░░░░.........
░.....░ ░░░░░░░░░░ ░)....░
░ ░.....░ ░░░░
░.....░......... ...░
░.....░.§.§..... ░.░ .░.░
░.....░..§§..... ░.░ ...░
░.....░......... ░.░


You could see Terence.

Vanquished Creatures
  A dart slug (D:2)
  A ball python (D:1)
  2 endoplasms
  2 giant cockroaches (D:2)
  4 goblins
  2 jackals (D:1)
  3 quokkas
  A kobold (D:2)
  A rat (D:1)
17 creatures vanquished.

Vanquished Creatures (others)
  71 foxfires
  3 plants (D:1)
74 creatures vanquished.

Grand Total: 91 creatures vanquished

Notes
Turn   | Place    | Note
-------+----------+-------------------------------------------
     0 | D:1      | utis the Tengu Wanderer began the quest for the Orb.
     0 | D:1      | utis set off with the following items: a +0 dagger, a +0
                  | hat, a scroll of fear, a +0 robe, a scroll of fog; and the
                  | following spell memorised: Foxfire; and the following
                  | spells available to memorise: Sublimation of Blood, Call
                  | Canine Familiar, Hailstorm.
     0 | D:1      | Reached XP level 1. HP: 10/10 MP: 6/6
   520 | D:1      | Reached skill level 1 in Conjurations
   523 | D:1      | Reached XP level 2. HP: 15/15 MP: 4/8
   615 | D:1      | Found a faded altar of an unknown god.
   720 | D:1      | Reached skill level 1 in Dodging
   857 | D:1      | Reached skill level 1 in Fire Magic
  1544 | D:2      | Noticed Terence
  2074 | D:2      | Reached XP level 3. HP: 19/19 MP: 7/9
  2111 | D:2      | Killed from afar by Terence

Illustrated notes

Levels and vault maps discovered:
D:1:      minmay_arrival_open_corners, layout_basic,
          hellmonk_ecumenical_altar_arch_garden, serial_bayou,
          serial_bayou_pond_c, serial_bayou_lagoon_b, serial_bayou_pond_a,
          serial_bayou_lagoon_a, serial_bayou_ford_a, serial_bayou_pond_c
D:2:      layout_basic, serial_glass, glass_columns_b, glass_columns_c,
          uniq_terence

Skill      XL: |  1  2 |
---------------+-------+-----
Conjurations   | 1 |  1.7
Dodging        | 1 |  1.5
Fire Magic     | 1 |  1.3
Armour         | |  1.1
Stealth        | |  3.0
Spellcasting   | |  4.0
Invocations    | |  1.0

Action                     || total
---------------------------++-------
  Melee: Dagger            ||     1
  Throw: Stone             ||     2
   Cast: Foxfire           ||    38
    Use: Scroll            ||     1
 Armour: Leather armour    ||    10
  Dodge: Dodged            ||    29
         Repelled          ||     1

Table legend: (Time is in decaauts)
 A = Elapsed time spent in this place.
 B = Non-inter-level travel time spent in this place.
 C = Inter-level travel time spent in this place.
 D = Time resting spent in this place.
 E = Time spent auto-exploring this place.
 F = Levels seen in this place.
 G = Mean time per level.
                   A        B        C        D        E       F      G
               +--------+--------+--------+--------+--------+-----+--------+
         Total |   2159 |   2040 |    119 |    489 |   1163 |   2 | 1079.5 |
       Dungeon |   2159 |   2040 |    119 |    489 |   1163 |   2 | 1079.5 |
               +--------+--------+--------+--------+--------+-----+--------+

Top non-repeatable levels by time:
     D:1: 1296 daAuts
     D:2: 862 daAuts
